 Dungeon Crawl Stone Soup version 0.22.0-27-ga576289 (console) character file.

33 removed the Conjurer (level 3, 0/16 HPs)
             Began as a Vine Stalker Fire Elementalist on Aug 22, 2018.
             Succumbed to an adder's poison
             ... on level 2 of the Dungeon.
             The game lasted 00:01:50 (1001 turns).

removed the Conjurer (VSFE)                         Turns: 1001, Time: 00:01:51

Health: 0/16       AC:  5    Str: 13 (15) XL:     3   Next: 29%
Magic:  2/7        EV: 12    Int: 14 (16) God:
Gold:   41         SH:  0    Dex: 11 (14) Spells: 5/6 levels left

rFire    . . .     SeeInvis .   a - +0 dagger
rCold    . . .     Gourm    .   (no shield)
rNeg     . . .     Faith    .   f - +0 robe
rPois    .         Spirit   +   (no helmet)
rElec    .         Reflect  .   h - +0 cloak
rCorr    .         Harm     .   (no gloves)
MR       .....                  (no boots)
Stlth    ++........             (no amulet)
HPRegen  0.05/turn              (no ring)
MPRegen  0.10/turn              (no ring)

@: mighty, lethally poisoned (0 -> -6), very slightly contaminated, invisible
A: fangs 2, thin metallic scales 1, deterioration 1, evolution 1, magic shield,
antimagic bite, no potion heal 3, rot immunity, MP-powered wands
a: no special abilities


You were on level 2 of the Dungeon.
You were not hungry.

You visited 1 branch of the dungeon, and saw 2 of its levels.

You collected 41 gold pieces.

Inventory:

Hand Weapons
 a - a +0 dagger (weapon)
 j - a +2 mace of protection
Armour
 f - a +0 robe (worn)
 h - a +0 cloak (worn)
Scrolls
 g - a scroll of noise {unknown}
 m - a scroll of random uselessness {unknown}
Potions
 l - a potion of degeneration
Comestibles
 c - 4 rations
 d - 2 chunks of flesh


   Skills:
 - Level 1.5 Dodging
 - Level 2.4 Stealth
 - Level 2.1 Spellcasting
 + Level 3.1 Conjurations
 - Level 3.0 Fire Magic


You had 5 spell levels left.
You knew the following spells:

 Your Spells              Type           Power        Failure   Level  Hunger
a - Flame Tongue          Conj/Fire      ##...        7%          1    #......

Your spell library contained the following spells:

 Spells                   Type           Power        Failure   Level  Hunger
 Throw Flame              Conj/Fire      ##....       10%         2    ###....
 Conjure Flame            Conj/Fire      ##......     21%         3    ###....
 Inner Flame              Hex/Fire       #.......     36%         3    ###....
 Sticky Flame             Conj/Fire      ##......     54%         4    #####..
 Fireball                 Conj/Fire      ##........   88%         5    ######.


Dungeon Overview and Level Annotations

Branches:
Dungeon (2/15)

Altars:


Innate Abilities, Weirdness & Mutations

You have extremely sharp teeth.
When hurt, damage is shared between your health and your magic reserves.
Your bite disrupts and absorbs the magic of your enemies.
Potions cannot restore your health.
You are immune to rotting.
You are partially covered in thin metallic scales. (AC +2)
Your body sometimes deteriorates upon taking damage.
You evolve.
You expend magic power (3 MP) to strengthen your wands.


Message History

You are very lightly contaminated with residual magic.
It was a potion of might.
You feel very mighty all of a sudden.
You feel sick.
It was a potion of mutation.
You feel extremely strange.
You feel yourself wasting away.
You feel your magical essence link to your wands.
You feel nature experimenting on you.
Don't worry, failures die fast.
Thin metallic scales grow over part of your body.
* * * LOW HITPOINT WARNING * * *
You feel sick.
* * * LOW HITPOINT WARNING * * *
You feel sick.
* * * LOW HITPOINT WARNING * * *
You feel sick.
* * * LOW HITPOINT WARNING * * *
You feel sick.
* * * LOW HITPOINT WARNING * * *
You feel sick.
You die...

#.# #### .### # ..#
##..>## #. #.#
#..#..# ♣♣ #.
####.###.###.# ♣.
##.##.........#..##♣.
#.....##.####...#...[
#.....##.# ##.#..#♣♣
#..†@....# #....#
#.....#### #.#..#
#.....# #.####
####### ###.#
###########...#
###.........#.#.#
...........#...#
#.........##.##
#.........##.#


There were no monsters in sight!

Vanquished Creatures
  An adder (D:2)
  A leopard gecko (D:1)
  5 goblins (D:1)
  2 hobgoblins (D:1)
  2 jackals (D:1)
  A kobold (D:1)
  5 bats
  5 rats
22 creatures vanquished.

Notes
Turn   | Place    | Note
-------+----------+-------------------------------------------
     0 | D:1      | removed the Vine Stalker Fire Elementalist began the quest for the Orb.
     0 | D:1      | Reached XP level 1. HP: 9/9 MP: 4/4
   237 | D:1      | Reached XP level 2. HP: 13/13 MP: 0/6
   939 | D:2      | Reached XP level 3. HP: 16/16 MP: 5/7
   990 | D:2      | Gained mutation: Your body sometimes deteriorates upon taking damage. [potion of mutation]
   990 | D:2      | Gained mutation: You expend magic power (3 MP) to strengthen your wands. [potion of mutation]
   990 | D:2      | Gained mutation: You evolve. [potion of mutation]
   990 | D:2      | Gained mutation: You are partially covered in thin metallic scales. (AC +2) [potion of mutation]
  1001 | D:2      | Succumbed to an adder's poison

Skill      XL: |  1  2  3 |
---------------+----------+-----
Conjurations   | 2 3 |  3.1
Dodging        | |  1.5
Stealth        | |  2.4
Spellcasting   | |  2.1
Fire Magic     | |  3.0

Action                   || total
-------------------------++-------
Melee: Dagger            ||     6
       Bite              ||     2
 Cast: Flame Tongue      ||    35
  Use: Potion            ||     4
  Eat: Chunk             ||     1
Armor: Robe              ||     1
Dodge: Dodged            ||    10
